 Dungeon Crawl Stone Soup version 0.31-a0-263-ge8cad7f256 (webtiles) character file.

Game seed: 15905247581004021032

89 qw the Shooter (level 4, -10/26 HPs)
             Began as a Gargoyle Hexslinger on July 13, 2023.
             Was an Initiate of Okawaru.
             Mangled by an ogre
             ... wielding a +0 giant spiked club
              (18 damage)
             ... on level 4 of the Dungeon.
             The game lasted 00:00:43 (2371 turns).

qw the Shooter (Gargoyle Hexslinger)                Turns: 2371, Time: 00:00:44

Health: -10/26     AC: 10    Str: 11    XL:     4   Next: 55%
Magic:  5/5        EV: 10    Int: 14    God:    Okawaru [......]
Gold:   224        SH:  0    Dex: 14    Spells: 4/5 levels left

rFire   . . .        Y - +1 sling
rCold   . . .        (no shield)
rNeg    + . .        g - +0 ring mail
rPois   inf          (no helmet)
rElec   +            h - +0 cloak
rCorr   .            (no gloves)
SInv    .            c - +0 pair of boots
Will    .....        (no amulet)
Stlth   +            (no ring)
HPRegen 0.24/turn    (no ring)
MPRegen 0.09/turn

%: no passive effects
@: no status effects
A: sickness immunity, AC +3, negative energy resistance 1, electricity
resistance, torment resistance 1, petrification resistance
a: Renounce Religion


You were on level 4 of the Dungeon.
You worshipped Okawaru.
Okawaru was noncommittal.
You visited 1 branch of the dungeon, and saw 4 of its levels.

You collected 224 gold pieces.


Innate Abilities, Weirdness & Mutations

You are immune to sickness and miasma.
Your stone body is resilient. (AC +3)
You are immune to poison.
You resist negative energy. (rN+)
You are resistant to electric shocks. (rElec)
You are resistant to unholy torment.
You are immune to petrification.


   Skills:
 - Level 2.0 Fighting
 + Level 4.1 Ranged Weapons
 - Level 1.0 Armour
 - Level 1.5 Dodging
 - Level 1.0 Spellcasting
 - Level 2.6 Hexes


You had 4 spell levels left.
You knew the following spells:

 Your Spells              Type           Power      Damage    Failure   Level
a - Slow                  Hex            32%        N/A       21%         1

Your spell library contained the following spells:

 Spells                   Type           Power      Damage    Failure   Level
 Inner Flame              Hex/Fire       4%         N/A       71%         3
 Portal Projectile        Hex/Tloc       8%         N/A       71%         3
 Cause Fear               Hex            4%         N/A       90%         4

Inventory:

Hand Weapons
 Y - a +1 sling (weapon)
Armour
 c - a +0 pair of boots (worn)
 g - a +0 ring mail (worn)
 h - a +0 cloak (worn)
Scrolls
 b - a scroll of teleportation
 e - a scroll of identify
Potions
 a - a potion of curing {unknown}
 d - a potion of might
 f - a potion of cancellation {unknown}
 j - a potion of lignification {unknown}
 k - a potion of attraction {unknown}

Dungeon Overview and Level Annotations

Branches:
Dungeon (4/15)
 Temple: D:4-7

Altars:
Hepliaklqana
Nemelex Xobeh
Okawaru
Wu Jian


Message History

Where to? (* - list waypoints, Enter - D:4, ? - help)
What level of the Dungeon? (default 1, ? - help)
There is a stone staircase leading down here.
You climb downwards.
There is a stone staircase leading up here.
Things that are here:
a +0 club; an orc corpse
Found a sling.
A goblin comes into view. It is wielding a +0 club.
The goblin shouts!
You see here a fizzy coppery potion.
You shoot a sling bullet. The sling bullet hits the goblin.
You kill the goblin!
Okawaru accepts your kill.
a - a fizzy coppery potion An ogre comes into view.
It is wielding a +0 giant spiked club.
The ogre shouts!
The ogre moves out of view.
An ogre is nearby!
You shoot a sling bullet. The sling bullet hits the ogre.
The ogre is lightly wounded.
You hear a shout!
A hobgoblin comes into view.
You shoot a sling bullet. The sling bullet hits the ogre.
The ogre is lightly wounded.
You shoot a sling bullet. The sling bullet hits the ogre.
The ogre is heavily wounded.
You shoot a sling bullet. The sling bullet hits the ogre.
The ogre is heavily wounded.
The ogre hits you with a +0 giant spiked club!!
Ouch! That really hurt!
The hobgoblin closely misses you.
You shoot a sling bullet. The sling bullet hits the ogre.
The ogre is severely wounded.
The ogre barely misses you. The hobgoblin barely misses you.
You shoot a sling bullet. The sling bullet hits the ogre.
The ogre is almost dead.
The ogre hits you with a +0 giant spiked club!!
Ouch! That really hurt!
You die...

## .. . #.###
###.#.## #...O..##
#@g.# #.#.# #.# ..
#.# #.. #.# .# #.#
# #.# #######.#
##########.......#


You could see an ogre and a hobgoblin.

Vanquished Creatures
  An iguana (D:3)
  An adder (D:3)
  A worm (D:2)
  A dart slug (D:1)
  An orc (D:4)
  8 ball pythons
  5 endoplasms
  A giant cockroach (D:1)
  5 goblins
  4 hobgoblins
  A quokka (D:2)
  5 bats
  5 frilled lizards
  4 kobolds
  6 rats
49 creatures vanquished.

Notes
Turn   | Place    | Note
-------+----------+-------------------------------------------
     0 | D:1      | qw the Gargoyle Hexslinger began the quest for the Orb.
     0 | D:1      | Reached XP level 1. HP: 12/12 MP: 2/2
     0 | D:1      | 0 ||| qw: Version: 0.3-a-52-g30416fa
     0 | D:1      | 0 ||| qw: Game counter: 7424
     0 | D:1      | 0 ||| qw: Melee chars always use a shield: true
     0 | D:1      | 0 ||| qw: God list: Okawaru
     0 | D:1      | 0 ||| qw: Allow faded altars: false
     0 | D:1      | 0 ||| qw: Do Orc after clearing Dungeon:15 true
     0 | D:1      | 0 ||| qw: Do second Lair branch before Depths: true
     0 | D:1      | 0 ||| qw: Lair rune preference: random
     0 | D:1      | 0 ||| qw: Goals: Normal
     0 | D:1      | 0 ||| PLANNING D:1-11
   186 | D:1      | Reached XP level 2. HP: 12/16 MP: 3/3
   462 | D:1      | Reached skill level 3 in Ranged Weapons
   625 | D:1      | Reached XP level 3. HP: 21/21 MP: 4/4
   890 | D:1      | 890 ||| UPGRADING to +0 ring mail.
   900 | D:1      | 900 ||| DROPPING +0 robe.
   901 | D:1      | 901 ||| UPGRADING to +0 cloak.
   906 | D:1      | 906 ||| READING scroll labelled XEF JACRUGAPS.
   910 | D:1      | 910 ||| READING 2 scrolls labelled CYCKIB NECUPN.
   911 | D:1      | 911 ||| READING scroll labelled UGIOTE VUURYF.
   912 | D:1      | 912 ||| DROPPING scroll of poison.
  1103 | D:2      | Reached skill level 1 in Armour
  1130 | D:2      | Found an ornate altar of the Wu Jian Council.
  1446 | D:2      | 1446 ||| UPGRADING to +0 pair of boots.
  1451 | D:2      | 1451 ||| READING 2 scrolls of identify.
  1451 | D:2      | 1451 ||| IDENTIFYING purple potion
  1452 | D:2      | 1452 ||| DROPPING potion of brilliance.
  1499 | D:3      | Found a hazy altar of Hepliaklqana.
  1503 | D:3      | Found an iron altar of Okawaru.
  1504 | D:3      | 1504 ||| PLANNING OKAWARU WORSHIP
  1504 | D:3      | 1504 ||| READING scroll labelled JATWYXTYSES.
  1508 | D:3      | Became a worshipper of Warmaster Okawaru
  1509 | D:3      | 1509 ||| PLANNING D:1-11
  1756 | D:3      | Found a sparkling altar of Nemelex Xobeh.
  1766 | D:3      | Reached XP level 4. HP: 26/26 MP: 5/5
  2173 | D:3      | 2173 ||| DROPPING ring of wizardry.
  2174 | D:3      | 2174 ||| READING scroll labelled PEIDAJ GALUVO.
  2175 | D:3      | 2175 ||| READING 2 scrolls of identify.
  2175 | D:3      | 2175 ||| IDENTIFYING black potion
  2215 | D:4      | 2215 ||| STAIRDANCE
  2223 | D:3      | HP: 5/26 [iguana (10)]
  2224 | D:3      | 2224 ||| READING 2 scrolls of teleportation.
  2226 | D:3      | Reached skill level 4 in Ranged Weapons
  2364 | D:4      | Noticed an ogre
  2371 | D:4      | Mangled by an ogre

Levels and vault maps discovered:
D:1:      ebering_trefoil_3fold, layout_loops_corners, minmay_misc_feat_rugged,
          nrook_mini_backslash
D:2:      layout_rooms, basic_altar, interstate_on_off
D:3:      wad_pebble_path, layout_basic, minitemple,
          mainiacjoe_overflow_boulevard
D:4:      layout_loops_ring, chequers_temple_overflow_minitemple,
          serial_co_window_serial, co_window_corner_a, co_window_corner_a,
          co_window_of_opportunity_a, co_window_corner_a, co_window_paths_a,
          co_window_unsneaky_path_a, co_window_corner_b, co_window_cross_4,
          co_window_2corner, glass_columns_a, glass_columns_b, glass_columns_c,
          glass_columns_a, uniq_sigmund

Skill      XL: |  1  2  3  4 |
---------------+-------------+-----
Ranged Weapons | 3 4 |  4.1
Fighting       | 2 |  2.0
Armour         | 1 |  1.0
Dodging        | |  1.5
Spellcasting   | |  1.0
Hexes          | |  2.6

Action                     |  1- 3 |  4- 6 || total
---------------------------+-------+-------++-------
   Fire: Sling             |   112 |    25 ||   137
    Use: Scroll            |     5 |     3 ||     8
 Armour: Robe              |    11 |       ||    11
         Ring mail         |     9 |     3 ||    12
  Dodge: Dodged            |    18 |     8 ||    26

Table legend:
 A = Non-vault XP
 B = Vault XP
 C = Vault XP percentage of total XP
 D = Non-vault monster count
 E = Vault monster count
 F = Vault count percentage of total count
                 A         B        C        D         E       F
            +---------+---------+-------+---------+---------+-------
      Total |     128 |       0 |   0.0 |      49 |       0 |   0.0
            +---------+---------+-------+---------+---------+-------
        D:1 |      35 |       0 |   0.0 |      23 |       0 |   0.0
        D:2 |      20 |       0 |   0.0 |      12 |       0 |   0.0
        D:3 |      68 |       0 |   0.0 |      12 |       0 |   0.0
        D:4 |       5 |       0 |   0.0 |       2 |       0 |   0.0
            +---------+---------+-------+---------+---------+-------
